 Dungeon Crawl Stone Soup version 0.23.2-40-g277498a001 (webtiles) character file.

Game seed: 17149674149155225763

6 MalarOregon the Magician (level 1, -4/15 HPs)
             Began as a Draconian Wizard on Sept 9, 2019.
             Slain by a kobold
             ... wielding a +0 short sword
              (5 damage)
             ... on level 1 of the Dungeon.
             The game lasted 00:01:11 (155 turns).

MalarOregon the Magician (Draconian Wizard)          Turns: 155, Time: 00:01:11

Health: -4/15      AC:  4    Str:  9    XL:     1   Next: 75%
Magic:  4/4        EV: 11    Int: 18    God:
Gold:   0          SH:  3    Dex:  9    Spells: 5/6 levels left

rFire    . . .     SeeInvis .   f - +1 dagger (speed)
rCold    . . .     Gourm    .   h - +0 buckler
rNeg     . . .     Faith    .   (armour unavailable)
rPois    .         Spirit   .   a - +0 hat
rElec    .         Reflect  .   (no cloak)
rCorr    .         Harm     .   (no gloves)
MR       .....                  (no boots)
Stlth    ++........             (no amulet)
HPRegen  0.05/turn              (no ring)
MPRegen  0.09/turn              (no ring)

@: no status effects
A: unfitting armour, cold-blooded, AC +4
a: no special abilities


You were on level 1 of the Dungeon.
You were not hungry.

You visited 1 branch of the dungeon, and saw 1 of its levels.

Inventory:

Hand Weapons
 f - a +1 dagger of speed (weapon)
   (You found it on level 1 of the Dungeon)
Armour
 a - a +0 hat (worn)
 h - a +0 buckler (worn)
   (You found it on level 1 of the Dungeon)
Scrolls
 c - a scroll of fog {unknown}
 g - a scroll of remove curse {unknown}
Potions
 b - a potion of cancellation {unknown}
Comestibles
 d - 3 chunks of flesh
 e - a ration {!d}


   Skills:
 + Level 0.6 Fighting
 + Level 2.0 Dodging
 - Level 1.7 Stealth
 * Level 0.2 Shields
 + Level 3.1 Spellcasting
 - Level 1.0 Conjurations
   Level 1.0 Summonings
   Level 1.0 Translocations


You had 5 spell levels left.
You knew the following spells:

 Your Spells              Type           Power        Failure   Level  Hunger
a - Magic Dart            Conj           #...         17%         1    None

Your spell library contained the following spells:

 Spells                   Type           Power        Failure   Level  Hunger
 Blink                    Tloc           N/A          26%         2    ##.....
 Call Imp                 Summ           #.......     26%         2    ##.....
 Slow                     Hex            #.......     36%         2    ##.....
 Conjure Flame            Conj/Fire      #.......     54%         3    ###....
 Mephitic Cloud           Conj/Pois/Air  #.......     56%         3    ###....


Dungeon Overview and Level Annotations

Branches:
Dungeon (1/15)

Altars:


Innate Abilities, Weirdness & Mutations

Your plain brown scales are hard. (AC +4)
You cannot fit into any form of body armour.
You are cold-blooded and may be slowed by cold attacks.


Message History

The kobold barely misses you. The dart slug launches a dart at you.
The slug dart misses you.
You hit the kobold but do no damage.
The kobold hits you with a +0 short sword.
You barely miss the kobold. The dart slug launches a dart at you.
The slug dart hits you.
You hit the kobold. The kobold barely misses you.
A kobold comes into view. It is wielding a +0 short sword.
You barely miss the kobold.
Your tail-slap misses the kobold.
The kobold hits you but does no damage.
You completely miss the kobold. The giant cockroach closely misses you.
You hit the kobold. The kobold barely misses you.
The giant cockroach bites you but does no damage.
You hit the kobold but do no damage. You block the giant cockroach's attack.
The kobold closely misses you.
You hit the kobold.
You kill the kobold!
The giant cockroach bites you but does no damage.
You closely miss the kobold.
The kobold hits you with a +0 short sword.
* * * LOW HITPOINT WARNING * * *
The giant cockroach closely misses you.
A goblin comes into view. It is wielding a +0 club.
The goblin shouts!
The giant cockroach bites you but does no damage.
Unknown command.
The giant cockroach bites you but does no damage.
You hit the giant cockroach. The giant cockroach barely misses you.
You closely miss the giant cockroach.
You tail-slap the giant cockroach, but do no damage.
The giant cockroach bites you.
* * * LOW HITPOINT WARNING * * *
You closely miss the giant cockroach. The giant cockroach closely misses you.
The kobold completely misses you.
You closely miss the giant cockroach. You tail-slap the giant cockroach.
You kill the giant cockroach!
Your Dodging skill increases to level 2!
You barely miss the kobold. You barely miss the kobold.
The kobold hits you with a +0 short sword.
* * * LOW HITPOINT WARNING * * *
You hit the kobold but do no damage. You tail-slap the kobold.
The kobold hits you with a +0 short sword.
* * * LOW HITPOINT WARNING * * *
You closely miss the kobold. You closely miss the kobold.
The kobold hits you with a +0 short sword.
You die...

............ #.(...............
.. #................. .. #...#
#...# #...# .. #...# #...# #...#
.. #...###...###...###).
#..........).........
#.[..............(...
#..(@.........w......
#######..K###...###...###..
#........g# #...# #...# ..
#######........†###...###...###..
......'..........................
#######....................÷.....
#....................÷.....
#.........###...###...###..
#.........# #...# #...# #..


You could see a goblin and a kobold.

Vanquished Creatures
  A bat (D:1)
  2 giant cockroaches (D:1)
  A kobold (D:1)
  A rat (D:1)
5 creatures vanquished.

Notes
Turn   | Place    | Note
-------+----------+-------------------------------------------
     0 | D:1      | MalarOregon the Draconian Wizard began the quest for the
                  | Orb.
     0 | D:1      | Reached XP level 1. HP: 14/14 MP: 4/4
   155 | D:1      | Slain by a kobold

Skill      XL: |  1 |
---------------+----+-----
Dodging        | 2 |  2.0
Fighting       | |  0.6
Stealth        | |  1.7
Shields        | |  0.2
Spellcasting   | |  3.1
Conjurations   | |  1.0
Summonings     | |  1.0
Translocations | |  1.0

Action                   || total
-------------------------++-------
Melee: Dagger            ||    22
       Unarmed           ||     3
       Tailslap          ||     3
 Cast: Magic Dart        ||     3
 Stab: Sleeping          ||     2
Armor: Skin              ||     6
Dodge: Dodged            ||    13
Block: Buckler           ||     1
